 Dungeon Crawl Stone Soup version 0.32-a0-38-gb04dd89b9b (webtiles) character file.

Game seed: 4539346515113130549

6877828 MrSquiggles the Hoplite (level 27, 233/233 HPs)
             Began as a Human Fighter on Jan 19, 2024.
             Was a High Priest of Okawaru.
             Escaped with the Orb
             ... and 10 runes on Jan 23, 2024!
             The game lasted 07:00:27 (110527 turns).

MrSquiggles the Hoplite (Human Fighter)           Turns: 110527, Time: 07:00:28

Health: 233/233    AC: 36    Str: 26      XL:     27
Magic:  39/39      EV: 29    Int: 15 (16) God:    Okawaru [*****.]
Gold:   6756       SH: 34    Dex: 15 (18) Spells: 0/26 levels left

rFire   + + .        a - +9 demon trident (drain)
rCold   + + +        G - +8 tower shield {AC+3}
rNeg    + + +        n - +8 scale mail of Focus {rElec Str+4 Int-2 SInv}
rPois   ∞            j - +2 hood of the Assassin {Detect Stab+ Stlth++}
rElec   +            c - +1 cloak of Starlight {*Dazzle EV+4 Stlth--}
rCorr   .            w - +2 pair of gloves {hurl}
SInv    +            g - +2 pair of slick slippers {slick, slippery, EV+4}
Will    +++..        Y - amulet of regeneration
Stlth   +            q - ring of the Octopus King {rF+ HP+2 AC+2 EV+2 SH+2}
HPRegen 1.38/turn    O - ring "Wurose" {^Drain rElec rC+ Int+9}
MPRegen 0.26/turn

%: no passive effects
@: death-form, studying Stealth
A: vile attack, torment immunity, no potions, explore regen, high MP 1, strong
1, evolution 1
0: Orb of Zot
}: 10/15 runes: decaying, serpentine, slimy, silver, abyssal, demonic, glowing,
magical, fiery, dark
a: Siphon Essence, Begin Untransformation, Renounce Religion, Heroism, Finesse,
Duel


You escaped.
You worshipped Okawaru.
Okawaru was extremely pleased with you.
You were an undying horror.
You visited 13 branches of the dungeon, and saw 57 of its levels.
You visited Pandemonium 1 time, and saw 20 of its levels.
You visited the Abyss 4 times.
You visited 1 ziggurat, and saw 13 of its levels.
You also visited: Trove, Sewer, Bailey, Gauntlet, Wizlab and Desolation.

You collected 12978 gold pieces.
You spent 6222 gold pieces at shops.

Inventory:

Hand Weapons
 a - a +9 demon trident of draining (weapon)
 b - the +7 war axe of Pidacsol {flame, rElec rC+ Will+++ Str-2}
   (You found it on level 10 of a ziggurat)

   Str-2:     It affects your strength (-2).
   rC+:       It protects you from cold.
   rElec:     It insulates you from electricity.
   Will+++:   It greatly increases your willpower.
 x - a +0 giant club
 D - a +0 giant club
 I - a +0 giant club
 L - a +0 giant club
 P - a +0 giant spiked club
 S - a +0 giant club
 U - a +0 giant club
 V - a +0 giant club
Missiles
 e - 2 throwing nets
 f - 25 boomerangs
 o - 30 atropa-tipped darts
 u - 13 datura-tipped darts
 z - 46 curare-tipped darts
 R - 27 javelins
 Z - 13 silver javelins (quivered)
Armour
 c - the +1 cloak of Starlight (worn) {*Dazzle EV+4 Stlth--}
   (You found it on level 4 of the Vaults)

   *Dazzle:   It may blind those who miss an attack against the wearer in melee
   combat.
   EV+4:      It affects your evasion (+4).
   Stlth--:   It makes you much less stealthy.
 g - the +2 pair of slick slippers (worn) {slick, slippery, EV+4}
   (You acquired it on level 5 of the Vaults)

   Slick:     Its wearer cannot be constricted, engulfed, netted or webbed.
   Slippery:  Its wearer slips away from damaging melee attacks, pulling the
   attacker onward.
   EV+4:      It affects your evasion (+4).
 j - the +2 hood of the Assassin (worn) {Detect Stab+ Stlth++}
   (You found it on level 1 of the Vaults)

   Detect:    It allows the wearer to sense nearby creatures.
   Stab+:     It allows the wearer to make particularly effective stabbing
   attacks against helpless or unaware enemies with any weapon.
   Stlth++:   It makes you much more stealthy.
 k - the +2 hat of the Bear Spirit {Spirit, Bear, *Rage Will++}
   (You found it on level 4 of a ziggurat)

   Bear:      Going berserk makes the wearer exceptionally tough, and they are
   slowed for a shorter time afterward.
   Will++:    It greatly increases your willpower.
   *Rage:     It berserks you when you make melee attacks (+20% chance).
 n - the +8 scale mail of Focus (worn) {rElec Str+4 Int-2 SInv}
   (You found it on level 3 of the Lair of Beasts)

   Str+4:     It affects your strength (+4).
   Int-2:     It affects your intelligence (-2).
   rElec:     It insulates you from electricity.
   SInv:      It lets you see invisible.
 w - a +2 pair of gloves of hurling (worn)
 G - a +8 tower shield of protection (worn)
Jewellery
 q - a ring of the Octopus King (left hand) {rF+ HP+2 AC+2 EV+2 SH+2}
   (You bought it in a shop on level 1 of the Depths)

   [ring of protection from fire]

   AC+2:      It affects your AC (+2).
   EV+2:      It affects your evasion (+2).
   rF+:       It protects you from fire.
   HP+2:      It affects your health (+2).
   SH+2:      It affects your SH (+2).
 O - the ring "Wurose" (right hand) {^Drain rElec rC+ Int+9}
   (You took it off a vault warden on level 5 of the Vaults)

   [ring of protection from cold]

   Int+9:     It affects your intelligence (+9).
   rC+:       It protects you from cold.
   rElec:     It insulates you from electricity.
   ^Drain:    It drains your maximum health when unequipped.
 Y - an amulet of regeneration (around neck)
Talismans
 p - the death talisman "Waofiom" (active) {rF+ rC+ Str-5}
   (You found it on level 2 of the Vaults)

   [talisman of death]

   Str-5:     It affects your strength (-5).
   rF+:       It protects you from fire.
   rC+:       It protects you from cold.
Wands
 K - a wand of roots (105)
 M - a wand of mindburst (34)
 Q - a wand of digging (34)
 X - a wand of quicksilver (55)
Scrolls
 i - 10 scrolls of fog
 l - 8 scrolls of silence
 m - 8 scrolls of poison
 v - 5 scrolls of fear
 A - 3 scrolls of immolation
 B - 5 scrolls of vulnerability
 C - 6 scrolls of noise
 H - 20 scrolls of teleportation
 W - a scroll of blinking
Miscellaneous
 d - a phial of floods
 h - a condenser vane (inert)
 s - a tin of tremorstones (inert)
 E - a lightning rod (inert)


   Skills:
 - Level 22.0 Fighting
 - Level 6.2(11.0) Axes
 - Level 14.0(14.5) Polearms
 - Level 16.0 Throwing
 - Level 22.0 Armour
 + Level 18.0 Dodging
 + Level 8.7 Stealth
 - Level 25.0 Shields
 - Level 2.0 Hexes
 - Level 18.0 Translocations
 - Level 2.0 Air Magic
 + Level 17.6 Invocations
 - Level 6.0 Evocations
 - Level 23.0 Shapeshifting


You couldn't memorise any spells.
You knew the following spells:

 Your Spells              Type           Power      Damage    Failure   Level
a - Blink                 Tloc           100%       N/A       1%          2
b - Apportation           Tloc           100%       N/A       1%          1
c - Lesser Beckoning      Tloc           100%       N/A       1%          2
d - Manifold Assault      Tloc           52%        N/A       1%          4
e - Dispersal             Tloc           26%        N/A       4%          6
f - Gell's Gravitas       Tloc           52%        N/A       1%          3
g - Dimensional Bullseye  Hex/Tloc       15%        N/A       8%          4
h - Vhi's Electric Charg  Tloc/Air       60%        N/A       8%          4

Your spell library contained the following spells:

 Spells                   Type           Power      Damage    Failure   Level
 Momentum Strike          Conj/Tloc      54%        3d9       1%          2
 Teleport Other           Tloc           52%        N/A       1%          3
 Volatile Blastmotes      Fire/Tloc      54%        2d14      3%          3
 Iskenderun's Mystic Bla  Conj/Tloc      27%        2d7       12%         4
 Slow                     Hex            24%        N/A       22%         1
 Jinxbite                 Hex            12%        N/A       32%         2
 Foxfire                  Conj/Fire      0%         2x1d4     43%         1
 Freeze                   Ice            0%         1d3       43%         1
 Kiss of Death            Conj/Necr      0%         2d5       43%         1
 Magic Dart               Conj           0%         1d3       43%         1
 Necrotise                Necr           0%         1d4       43%         1
 Sting                    Conj/Alch      0%         1d3       43%         1
 Ensorcelled Hibernation  Hex/Ice        6%         N/A       43%         2
 Mercury Vapours          Alch/Air       6%         N/A       43%         2
 Static Discharge         Conj/Air       6%         3-4/arc   43%         2
 Cigotuvi's Dreadful Rot  Necr/Alch/Air  2%         N/A       50%         2
 Confusing Touch          Hex            6%         N/A       54%         3
 Sigil of Binding         Hex            6%         N/A       54%         3
 Searing Ray              Conj           0%         2d4       58%         2
 Sublimation of Blood     Necr           0%         N/A       58%         2
 Dazzling Flash           Conj/Hex       6%         N/A       67%         3
 Mephitic Cloud           Conj/Alch/Air  1%         N/A       75%         3
 Frozen Ramparts          Ice            0%         1d1       82%         3
 Fugue of the Fallen      Necr           0%         N/A       82%         3
 Hailstorm                Conj/Ice       0%         3d5       82%         3
 Ozocubu's Armour         Ice            0%         N/A       82%         3
 Vampiric Draining        Necr           0%         2d6       82%         3
 Airstrike                Air            3%         2d(1-17)  91%         4
 Cause Fear               Hex            3%         N/A       91%         4
 Anguish                  Hex/Necr       1%         N/A       97%         4
 Brom's Barrelling Bould  Conj/Erth      0%         2d3       99%         4
 Dispel Undead            Necr           0%         3d6       99%         4
 Flame Wave               Conj/Fire      0%         2d4       99%         4
 Fulminant Prism          Conj/Alch      0%         3d5       99%         4
 Leda's Liquefaction      Alch/Erth      0%         N/A       99%         4
 Olgreb's Toxic Radiance  Alch           0%         N/A       99%         4
 Petrify                  Alch/Erth      0%         N/A       99%         4
 Silence                  Hex/Air        3%         N/A       99%         5
 Alistair's Intoxication  Alch           0%         N/A       100%        5
 Arcjolt                  Conj/Air       1%         1d11      100%        5
 Borgnjor's Vile Clutch   Necr/Erth      0%         N/A       100%        5
 Curse of Agony           Necr           0%         N/A       100%        5
 Fireball                 Conj/Fire      0%         3d3       100%        5
 Freezing Cloud           Conj/Ice/Air   0%         6-21      100%        5
 Irradiate                Conj/Alch      0%         3d11      100%        5
 Iskenderun's Battlesphe  Conj           0%         2d6       100%        5
 Lee's Rapid Deconstruct  Erth           0%         3d4*      100%        5
 Yara's Violent Unravell  Hex/Alch       1%         3d3       100%        5
 Bombard                  Conj/Erth      0%         9d1       100%        6
 Conjure Ball Lightning   Conj/Air       1%         3x3d6     100%        6
 Eringya's Noxious Bog    Alch           0%         4d6       100%        6
 Plasma Beam              Fire/Air       1%         2x1d11    100%        6
 Starburst                Conj/Fire      0%         6d3       100%        6
 Enfeeble                 Hex            3%         N/A       100%        7
 Orb of Destruction       Conj           0%         9d5       100%        7
 Ozocubu's Refrigeration  Ice            0%         4d7       100%        7
 Borgnjor's Revivificati  Necr           0%         N/A       100%        8
 Discord                  Hex            3%         N/A       100%        8
 Maxwell's Capacitive Co  Air            3%         ∞         100%        8
 Chain Lightning          Conj/Air       1%         3d2       100%        9
 Summon Small Mammal      Summ           Unusable   N/A       N/A         1
 Tukima's Dance           Hex            Unusable   N/A       N/A         3
 Summon Lightning Spire   Summ/Air       Unusable   N/A       N/A         4
 Animate Armour           Summ/Erth      Unusable   N/A       N/A         4
 Martyr's Knell           Necr/Summ      Unusable   N/A       N/A         4
 Summon Blazeheart Golem  Fire/Summ      Unusable   N/A       N/A         4
 Summon Mana Viper        Hex/Summ       Unusable   N/A       N/A         5
 Death Channel            Necr           Unusable   N/A       N/A         6
 Haunt                    Necr/Summ      Unusable   N/A       N/A         7
 Spellforged Servitor     Conj/Summ      Unusable   N/A       N/A         7
 Infestation              Necr           Unusable   N/A       N/A         8
 Dragon's Call            Summ           Unusable   N/A       N/A         9

Dungeon Overview and Level Annotations

Branches:
Dungeon (15/15)            Temple (1/1) D:7            Lair (5/5) D:10
  Swamp (4/4) Lair:3        Snake (4/4) Lair:2        Slime (5/5) Lair:4
    Orc (2/2) D:9             Elf (3/3) Orc:2        Vaults (5/5) D:13
  Crypt (3/3) Vaults:3       Tomb (0/3) Crypt:3      Depths (4/4) D:15
   Hell (visited)             Dis (0/7) Hell            Geh (0/7) Hell
    Coc (0/7) Hell            Tar (0/7) Hell            Zot (5/5) Depths:4
  Sewer (visited)          Bailey (visited)          WizLab (visited)
Desolation (visited)      Gauntlet (visited)

Altars:
Ashenzari
Cheibriados
Dithmenos
Elyvilon
Fedhas
Gozag
Hepliaklqana
Kikubaaqudgha
Makhleb
Nemelex Xobeh
Okawaru
Qazlal
Ru
Sif Muna
Trog
Uskayaw
Vehumet
Wu Jian
Xom
Yredelemnul
Zin
The Shining One
Jiyva

Shops:
D:3 *   D:7 !   D:12 (   Orc:2 :((   Elf:2 *   Snake:1 *   Snake:4 [
Vaults:1 *::   Vaults:3 [   Vaults:4 *   Depths:1 ==:   Depths:4 [

Portals:
Hell: Depths:1 Depths:2 Depths:3 Depths:4
Abyss: Depths:3 Depths:4
Pandemonium: Depths:2 Depths:3

Annotations:
Zot:5 2 transporters, nocore's ghost, master DEFE


Innate Abilities, Weirdness & Mutations

You are an undying horror.
Your melee and unarmed attacks drain, slow and weaken victims.
You are immune to unholy pain and torment.
You cannot drink.
You are immune to poison.
You regain HP and MP as you explore.
You have an increased reservoir of magic. (+10% MP)
Your muscles are strong. (Str +4, Int/Dex -1)
You have hidden genetic potential.


Message History

There is a stone staircase leading down here.
There is a stone staircase leading up here.
You climb upwards.
There is a stone staircase leading down here.
Okay, then.
A Brimstone Fiend comes into view.
You closely miss the Brimstone Fiend. You impale the Brimstone Fiend!!
The Brimstone Fiend decays.
The Brimstone Fiend is lightly wounded.
You block the Brimstone Fiend's attack. x3
You impale the Brimstone Fiend!!
The Brimstone Fiend decays.
The Brimstone Fiend is heavily wounded.
You impale the Brimstone Fiend!!
The Brimstone Fiend decays.
The Brimstone Fiend is severely wounded.
You hit the Brimstone Fiend but do no damage.
The Brimstone Fiend is severely wounded.
The Brimstone Fiend hits you.
You slip backwards!
You hit the Brimstone Fiend but do no damage.
The Brimstone Fiend is severely wounded.
You impale the Brimstone Fiend!!
The Brimstone Fiend decays.
The Brimstone Fiend is almost dead.
The Brimstone Fiend hits you but does no damage.
You block the Brimstone Fiend's attack. x2
You hit the Brimstone Fiend but do no damage.
The Brimstone Fiend is almost dead.
You puncture the Brimstone Fiend!
You kill the Brimstone Fiend!
Okawaru accepts your kill.
You feel your dexterity returning.
Your Dodging skill increases to level 18!
No target in view!
A red devil comes into view. It is wielding a +0 trident.
The red devil moves out of view.
Aiming: Dig
Press: ? - help, Shift-Dir - straight line, f - you Please select a direction to dig.
This square is covered in magical glow.
The rock shatters into small pieces.
There is a staircase leading out of the dungeon here.
You have escaped!

...........##
#####.....#....[#
...........# #.....####..#
...........## #.....# #..#
.......####.## ####### #..#
.......# ##.## #..# .......#
##.## #..# #+######
###4####### ##.# ..#
##.........## #.## ###
#..♣..z..♣..# #..#
##.........## #..# #####
#####'##### ######..##
##...######...######...##...#
#.....%.................#.#.#
#..⌠........⌠........⌠..#....
#.......................#....
##...######...######...##.#.#
##'## ##>## ##'###....


You could see a red devil.

Vanquished Creatures
  Cerebov (Pan)
  the Royal Jelly (Arena)
  2 pandemonium lords (Pan)
  Gloorx Vloq (Pan)
  Mnoleg (Pan)
  Lom Lobon (Pan)
  Frederick (Vaults:5)
  3 dread liches
  Mennas (Crypt:2)
  3 orbs of fire (Zot:5)
  Mara (Vaults:5)
  4 ancient liches
  A juggernaut (Zot:1)
  A royal mummy (Zig:6)
  Sojobo (Depths:4)
  Boris (thrice) (Vaults:1 Depths:1 Crypt:1)
  9 Killer Klowns
  4 curse toes
  the Lernaean hydra (Swamp:4)
  Geryon (Hell)
  Vashnia (Snake:2)
  Norris (Vaults:3)
  2 bone dragons
  6 golden dragons
  2 doom hounds (Zot:4)
  3 electric golems
  7 Brimstone Fiends
  2 Tzitzimimeh
  23 tentacled monstrosities
  Jorgrun (Snake:1)
  3 hellephants
  8 Hell Sentinels (Pan)
  3 Ice Fiends (Pan)
  3 liches
  Grunn (Arena)
  2 deep elf blademasters (Elf:3)
  6 titans
  25 Orb Guardians
  The ghost of Litiur the Cryomancer, an adept OpIE of Sif Muna (Elf:1)
  A quicksilver dragon (Zot:5)
  2 deep elf master archers (Elf:3)
  3 tentacled starspawn
  7 sphinxes
  23 acid blobs
  An ancient champion (Crypt:1)
  30 Executioners
  6 death cobs
  Aizul (Swamp:1)
  Frances (Swamp:1)
  5 shadow dragons
  16 storm dragons
  2 thorn hunters (Swamp:2)
  The ghost of jasper the Brawler, an adept DrCA of Okawaru (Snake:2)
  The ghost of Xonepos the Protected, an adept MiFi of Yredelemnul (Swamp:2)
  Roxanne (D:15)
  13 azure jellies
  6 protean progenitors
  5 fenstrider witches
  15 tengu reavers
  Donald (Lair:3)
  3 draconian knights
  6 draconian monks
  10 nagarajas
  8 rockslimes
  8 deep elf sorcerers
  Louise (Arena)
  11 fire giants
  12 demonspawn warmongers (Pan)
  6 revenants
  7 draconian shifters
  12 vault wardens
  5 frost giants
  3 imperial myrmidons (Desolation)
  4 draconian scorchers
  3 iron dragons
  5 ghost moths
  6 draconian stormcallers
  27 balrugs
  8 curse skulls
  26 cacodemons
  5 spectral caustic shrikes (Depths:2)
  2 broodmothers (Pan)
  5 ghouls
  19 ironbound preservers
  5 deep elf elementalists (Elf:3)
  4 angels
  7 orc warlords
  7 demonspawn corrupters (Pan)
  22 very ugly things
  32 reapers
  2 caustic shrike skeletons (Pan)
  8 ironbound thunderhulks
  3 formless jellyfish
  10 draconian annihilators
  6 demonspawn blood saints
  2 spriggan defenders
  15 quicksilver oozes
  2 black draconians
  12 deep elf demonologists
  9 green draconians
  5 juggernaut skeletons
  12 stone giants
  An ophan (Abyss:5)
  10 vampire knights
  11 demonspawn black suns
  10 deep elf death magi
  4 spark wasps
  4 grey draconians
  3 halazid warlocks (Desolation)
  4 eleionomae
  10 bunyips
  9 war gargoyles
  10 lorocyprocas
  10 deep elf annihilators
  7 yellow draconians
  A minotaur (Gauntlet)
  10 purple draconians
  Snorg (D:14)
  12 eidola
  7 dire elephants
  10 red draconians
  10 white draconians
  14 blizzard demons
  17 ettins
  2 crystal guardians
  A mummy priest (Zig:6)
  13 jiangshi
  A quicksilver dragon zombie (Crypt:1)
  3 spectral quicksilver dragons (Crypt:3)
  31 vault guards
  4 fire dragons
  5 ragged hierophants (Desolation)
  4 shambling mangroves
  16 green deaths (Pan)
  2 spectral spriggans (Crypt:3)
  11 yaktaur captains
  4 entropy weavers
  6 deep elf high priests
  13 great orbs of eyes
  A hell beast (Pan)
  3 servants of whispers (Desolation)
  10 ice dragons
  2 catoblepae
  13 peacekeepers
  6 ogre magi
  A juggernaut simulacrum (Crypt:3)
  Erolcha (D:10)
  5 centaur warriors
  5 rakshasas
  8 anacondas
  6 salamander tyrants
  3 jorogumos
  19 hydras
  8 alligators
  A ghost crab (Zig:10)
  5 spriggan air magi
  2 sphinx zombies
  6 boulder beetles
  A radroach (Zig:12)
  A merfolk aquamancer (Pan)
  6 ironbound frosthearts
  4 death knights
  A satyr (Abyss:3)
  27 dancing weapons
  A sphinx skeleton (Vaults:2)
  19 two-headed ogres
  12 naga warriors
  11 death yaks
  7 spriggan berserkers
  A two-headed ogre (shapeshifter) (Vaults:5)
  A death scarab (Zig:6)
  6 deep troll shamans
  5 tengu warriors
  5 vampire magi
  8 deep troll earth magi
  16 demonic crawlers
  9 shock serpents
  2 occultists
  3 orc high priests
  8 thrashing horrors
  6 hell hogs
  8 naga sharpshooters
  2 spectral dire elephants (Crypt:3)
  2 spectral storm dragons (Crypt:3)
  A titan zombie (Crypt:1)
  17 deep elf knights
  56 sun demons
  27 soul eaters
  8 skysharks
  Nergalle (D:10)
  5 wretched stars
  10 hell knights
  6 hellephant skeletons (Pan)
  7 shadow wraiths
  6 salamander mystics
  33 sixfirhies
  27 skeletal warriors
  3 titan skeletons
  9 iron trolls
  A spark wasp zombie (D:15)
  2 cherubim (Depths:3)
  A sea snake (Snake:1)
  3 goliath frogs
  Lodul (D:10)
  A pharaoh ant (Zig:12)
  13 shadow demons (Pan)
  A spriggan druid (Swamp:2)
  A glowing orange brain (shapeshifter) (D:15)
  6 bog bodies
  8 glowing orange brains
  An orb spider (shapeshifter) (Vaults:5)
  14 mana vipers
  68 deep trolls
  An orange crystal statue (Zig:3)
  2 golden dragon zombies
  9 swamp dragons
  24 ironbound convokers
  7 flayed ghosts
  13 sun moths
  7 arcanists
  A deep troll (shapeshifter) (Depths:4)
  An obsidian statue (Zig:3)
  2 spriggan simulacra
  5 naga ritualists
  14 deep elf archers
  A swamp dragon (shapeshifter) (Vaults:1)
  7 necromancers
  6 lindwurms
  40 deep elf pyromancers
  19 phantasmal warriors
  10 harpies
  Pikel (D:5)
  26 deep elf zephyrmancers
  A wolf spider (Zig:12)
  2 lightning spires (WizLab)
  9 orc sorcerers
  A broodmother zombie (Crypt:2)
  6 orc knights
  3 fire giant zombies
  2 manticores
  4 will-o-the-wisps
  2 shining eyes
  Maurice (D:7)
  10 salamanders
  44 ugly things
  A cyclops (shapeshifter) (Vaults:5)
  A frost giant zombie (Hell)
  A goliath frog skeleton (Crypt:3)
  34 large abominations
  24 moths of wrath
  A black mamba (shapeshifter) (D:14)
  4 cyclopes
  12 rust devils
  4 meliai
  20 elephants
  9 guardian serpents
  4 Executioner simulacra (Pan)
  5 kobold blastminers
  3 spectral centaurs (Crypt:3)
  A fire giant skeleton (Depths:1)
  34 black mambas
  An apocalypse crab (Abyss:3)
  A frost giant skeleton (Depths:1)
  16 orange demons (Pan)
  10 molten gargoyles
  21 vault sentinels
  3 eyes of devastation
  2 torpor snails
  2 ice statues (Zig:3)
  17 naga magi
  2 water nymphs (Swamp:2)
  8 cane toads
  A dire elephant zombie (Crypt:1)
  53 smoke demons
  11 gargoyles
  A dire elephant skeleton (Crypt:2)
  Maggie (Lair:1)
  2 rime drakes
  A catoblepas zombie (Crypt:1)
  A minotaur zombie (Gauntlet)
  2 spriggan zombies
  21 freezing wraiths
  A mana viper skeleton (Crypt:1)
  8 tormentors
  7 efreet
  2 unseen horrors (D:12)
  6 hellions
  Jeremiah (D:8)
  A bunyip simulacrum (Crypt:3)
  20 yaktaurs
  5 tengu conjurers
  8 ice devils
  6 guardian mummies
  2 spectral nagas (Crypt:3)
  6 red devils
  5 ancient zymes
  A queen bee (Lair:5)
  7 komodo dragons
  A bloated husk (Swamp:1)
  A harpy zombie (Crypt:3)
  2 spectral harpies (Crypt:3)
  7 trolls
  A white draconian skeleton (Crypt:1)
  A raiju (shapeshifter) (Abyss:5)
  8 tyrant leeches
  38 hellwings (Pan)
  A polar bear (shapeshifter) (D:15)
  A wolf spider simulacrum (Gauntlet)
  A polar bear (Lair:3)
  A silent spectre (Abyss:5)
  6 blink frogs
  3 ettin zombies
  21 hornets
  34 saltlings (Desolation)
  A tarantella (Zig:12)
  7 raiju (Abyss:3)
  2 glass eyes (Slime:5)
  A fire giant simulacrum (Depths:1)
  105 slime creatures
  A jumping spider (shapeshifter) (Vaults:5)
  A guardian serpent zombie (Crypt:2)
  2 ettin skeletons
  23 spriggans
  14 wraiths
  2 shadows
  A centaur simulacrum (Gauntlet)
  2 spriggan skeletons
  A spriggan (shapeshifter) (Elf:1)
  2 air elementals (Elf:1)
  6 wyverns
  4 small abominations
  2 culicivoras
  A black mamba skeleton (Crypt:1)
  3 water elementals
  25 ynoxinuls
  30 yaks
  2 vampires
  A fire elemental (Elf:1)
  10 starcursed masses
  A human (D:5)
  21 golden eyes
  7 basilisks
  A fire bat (D:10)
  A steam dragon (Lair:3)
  4 wargs
  An elf simulacrum (Vaults:2)
  19 neqoxecs
  2 redbacks (Zig:2)
  2 yaktaur simulacra (Vaults:2)
  3 spatial vortices (Abyss:3)
  28 chaos spawn
  A demonspawn zombie (Crypt:1)
  2 harpy simulacra
  9 vampire mosquitoes
  A redback (shapeshifter) (Vaults:1)
  52 nagas
  15 swamp worms
  A glowing shapeshifter zombie (Hell)
  2 tengu zombies (Hell)
  A fire bat zombie (Crypt:3)
  2 acid dragons
  A naga zombie (Abyss:5)
  17 water moccasins
  4 hell hounds
  Duvessa (D:5)
  A human skeleton (Depths:1)
  An ogre zombie (Vaults:3)
  2 naga skeletons (Crypt:1)
  A glowing shapeshifter skeleton (Depths:1)
  A two-headed ogre skeleton (Crypt:2)
  3 ice beasts
  21 swamp drakes
  36 orc warriors
  5 black bears
  A blink frog zombie (Crypt:1)
  An ice dragon simulacrum (Gauntlet)
  49 laughing skulls
  Pargi (Sewer)
  2 sky beasts
  4 boggarts (D:14)
  18 wolves
  6 centaurs
  A crocodile (shapeshifter) (D:13)
  43 ogres
  4 lemures (D:5)
  10 kobold brigands
  Blork the orc (D:5)
  7 bullfrogs
  8 brain worms
  A weeping skull (Abyss:3)
  A necrophage (Swamp:3)
  An elf skeleton (Crypt:3)
  4 earth elementals
  2 scorpions
  A komodo dragon skeleton (Crypt:2)
  2 naga simulacra (Crypt:3)
  Dowan (D:5)
  24 killer bees
  2 human simulacra (Vaults:2)
  4 electric eels
  A troll skeleton (Crypt:3)
  3 lava snakes
  A bombardier beetle (D:7)
  4 crimson imps (Gauntlet)
  4 quasits (Abyss:3)
  2 hounds
  11 orc priests
  2 jellies (Lair:4)
  2 gnoll boudas
  3 human zombies
  8 iguanas
  3 sleepcaps
  30 orc wizards
  A killer bee zombie (Crypt:1)
  A deep dwarf zombie (Crypt:3)
  A mummy (Zig:6)
  14 gnolls
  10 adders
  A river rat (D:4)
  A shadow imp (D:8)
  A swamp drake zombie (Crypt:2)
  4 white imps
  5 ufetubi
  4 dart slugs
  A ribbon worm (D:3)
  72 orcs
  4 bats
  11 endoplasms
  A giant cockroach (D:4)
  6 goblins
  6 hobgoblins
  22 kobolds
  A quokka (D:4)
  11 ball pythons
  A ball python skeleton (Crypt:3)
  5 frilled lizards
  A giant cockroach zombie (Crypt:2)
  A gnoll skeleton (Crypt:1)
  A goblin zombie (Crypt:1)
  2 jackal zombies (D:5)
  A quokka zombie (Crypt:1)
  8 rats
  A butterfly (Swamp:1)
  6 starspawn tentacles (Abyss:5)
3378 creatures vanquished.

Vanquished Creatures (collateral kills)
  A fire giant (Depths:2)
  An ironbound preserver (Vaults:2)
  2 deep elf demonologists (Depths:2)
  2 two-headed ogres (Orc:2)
  2 orc high priests (Zig:11)
  A deep troll earth mage (Depths:2)
  2 hell knights (Depths:2)
  4 deep trolls
  An orc sorcerer (Zig:11)
  2 komodo dragons (Lair:3)
  A troll (Orc:2)
  A bloated husk (Swamp:1)
  3 slime creatures (Vaults:2)
  A warg (Orc:2)
  A small abomination (Abyss:3)
  2 orc warriors (Zig:11)
  2 ogres
  A kobold brigand (D:5)
  An orc priest (Zig:9)
  2 iguanas (Lair:3)
  2 orc wizards
  A dart slug (D:3)
  3 orcs
  2 kobolds
41 creatures vanquished.

Vanquished Creatures (others)
  A lich (Zig:8)
  2 Executioners (Pan)
  A storm dragon (Vaults:5)
  A nagaraja (Zig:8)
  A draconian shifter (Abyss:3)
  A ghost moth (Pan)
  A broodmother (Zig:12)
  A demonspawn black sun (Zig:10)
  A deep elf annihilator (Zig:8)
  A deep elf death mage (Zig:10)
  A green death (Pan)
  2 vault guards (Vaults:5)
  An occultist (Zig:8)
  An orc high priest (Zig:9)
  4 deep elf knights
  A soul eater (Hell)
  A hell knight (Depths:2)
  A deep troll (Depths:2)
  A deep elf pyromancer (Elf:1)
  A necromancer (Depths:1)
  2 deep elf zephyrmancers
  2 orc sorcerers
  3 elephants (Abyss:3)
  A troll (Zig:9)
  A hellwing (Pan)
  A dream sheep (shapeshifter) (Abyss:3)
  A water elemental (Depths:1)
  3 slime creatures (Elf:1)
  A yak (Zig:5)
  2 fire bats (Pan)
  2 ynoxinuls
  4 chaos spawn (Pan)
  8 orc warriors
  A laughing skull (Abyss:3)
  2 ogres
  A kobold brigand (Bailey)
  An orc priest (Orc:2)
  2 orc wizards (Orc:1)
  An orc (D:3)
  2 kobolds (D:7)
  18 foxfires
  13 starspawn tentacles
97 creatures vanquished.

Grand Total: 3516 creatures vanquished

Notes
Turn   | Place    | Note
-------+----------+-------------------------------------------
     0 | D:1      | MrSquiggles the Human Fighter began the quest for the Orb.
     0 | D:1      | Reached XP level 1. HP: 18/18 MP: 1/1
    59 | D:1      | Found a faded altar of an unknown god.
   168 | D:1      | Reached XP level 2. HP: 24/24 MP: 2/2
   793 | D:2      | Reached XP level 3. HP: 24/29 MP: 3/3
  1026 | D:3      | Found Mownuuke's Assorted Antiques.
  1027 | D:3      | Identified the ring "Zuidywomp" {rPois rF- rN+++ Str+5
                  | Int+4}
  1137 | D:3      | Reached XP level 4. HP: 28/35 MP: 4/4
  1574 | D:3      | Reached skill level 5 in Polearms
  1597 | D:3      | Reached XP level 5. HP: 35/41 MP: 5/5
  2485 | D:2      | Reached skill level 1 in Throwing
  3249 | D:4      | Noticed a wyvern
  3257 | D:4      | Killed a wyvern
  3258 | D:4      | Reached XP level 6. HP: 47/47 MP: 6/6
  3412 | D:4      | Found a glowing drain.
  3416 | Sewer    | Entered a sewer
  3456 | Sewer    | Reached XP level 7. HP: 45/52 MP: 5/7
  3487 | Sewer    | Noticed Pargi
  3500 | Sewer    | Killed Pargi
  4057 | D:5      | Entered Level 5 of the Dungeon
  4198 | D:5      | Found a runed translucent door.
  4198 | D:5      | Found a basalt altar of Yredelemnul.
  4198 | D:5      | Noticed a human
  4252 | D:5      | HP: 2/52 [ogre/+0 giant club (17)]
  4264 | D:5      | Reached skill level 1 in Dodging
  4264 | D:5      | Reached XP level 8. HP: 11/58 MP: 8/8
  4271 | D:5      | Noticed Duvessa
  4287 | D:5      | Killed Duvessa
  4287 | D:5      | Noticed Dowan
  4461 | D:5      | Killed Dowan
  4666 | D:5      | Reached skill level 4 in Shields
  4733 | D:5      | Noticed a hornet
  4787 | D:5      | Killed a hornet
  4788 | D:5      | Reached XP level 9. HP: 28/67 MP: 9/9
  5088 | D:5      | Noticed Pikel
  5123 | D:5      | Killed Pikel
  5124 | D:5      | Reached skill level 5 in Fighting
  5124 | D:5      | Reached skill level 5 in Armour
  5124 | D:5      | Reached skill level 5 in Shields
  5409 | D:5      | Noticed Blork the orc
  5421 | D:5      | Killed Blork the orc
  5525 | D:6      | Found a white marble altar of Elyvilon.
  5574 | D:7      | Noticed Maurice
  5621 | D:6      | Found a sparkling altar of Nemelex Xobeh.
  5666 | D:7      | Found Tafroh's Distillery.
  5691 | D:7      | Found a staircase to the Ecumenical Temple.
  5703 | Temple   | Entered the Ecumenical Temple
  5970 | D:3      | Bought a runed chain mail for 225 gold pieces
  5980 | D:3      | Bought a scroll labelled ODOAS IDOT for 30 gold pieces
  5980 | D:3      | Bought a scroll of identify for 60 gold pieces
  5980 | D:3      | Identified a scroll of acquirement
  5982 | D:3      | Acquired the +5 tower shield of Insatiable Hunger {Int+4
                  | Dex-3}
  6227 | D:7      | Found an iron altar of Okawaru.
  6297 | D:7      | Became a worshipper of Warmaster Okawaru
  6628 | D:6      | Reached skill level 6 in Shields
  6852 | D:6      | Reached skill level 5 in Dodging
  6984 | D:7      | Found an opulent altar of Gozag.
  7164 | D:7      | Maurice stole an amulet of magic regeneration
  7168 | D:7      | Maurice stole a +0 giant club
  7177 | D:7      | Killed Maurice
  7177 | D:7      | Reached * piety under Okawaru
  7178 | D:7      | Reached XP level 10. HP: 42/77 MP: 3/10
  7355 | D:7      | Found a shimmering blue altar of Sif Muna.
  7419 | D:7      | Found a blossoming altar of Fedhas.
  7439 | D:7      | Found a stormy altar of Qazlal.
  7768 | D:8      | Reached skill level 1 in Invocations
  7802 | D:8      | Found a flagged portal.
  7848 | D:7      | Bought a potion of haste for 130 gold pieces
  7904 | Bailey   | Entered a bailey
  8295 | Bailey   | Noticed an orc knight
  8342 | Bailey   | Killed an orc knight
  8342 | Bailey   | Reached ** piety under Okawaru
  8351 | Bailey   | Reached skill level 7 in Shields
  8376 | Bailey   | Found a burning altar of Makhleb.
  8659 | D:8      | Reached *** piety under Okawaru
  8718 | D:8      | Found a hide-covered altar of Uskayaw.
  8728 | D:8      | Noticed Jeremiah
  8756 | D:8      | Killed Jeremiah
  9167 | D:7      | Bought a potion of enlightenment for 65 gold pieces
  9167 | D:7      | Bought a potion of lignification for 39 gold pieces
  9167 | D:7      | Bought a potion of curing for 39 gold pieces
  9167 | D:7      | Bought a potion of haste for 130 gold pieces
  9167 | D:7      | Bought a potion of heal wounds for 65 gold pieces
  9167 | D:7      | Bought a potion of invisibility for 104 gold pieces
  9167 | D:7      | Bought a potion of might for 52 gold pieces
  9248 | D:9      | Found a shadowy altar of Dithmenos.
  9322 | D:9      | Found a hazy altar of Hepliaklqana.
  9323 | D:9      | Found a burning altar of Makhleb.
  9358 | D:9      | Found a glowing golden altar of the Shining One.
  9406 | D:9      | Reached XP level 11. HP: 77/84 MP: 12/12
  9406 | D:9      | Noticed a boulder beetle
  9468 | D:9      | Killed a boulder beetle
  9518 | D:9      | Found a transporter.
  9577 | D:9      | Found a radiant altar of Vehumet.
  9602 | D:9      | Identified the +3 falchion of Dihijede {elec, +Blink rPois
                  | rF- Will+}
  9611 | D:9      | Found a bloodstained altar of Trog.
  9696 | D:9      | Found a transporter.
  9762 | D:9      | Found a staircase to the Orcish Mines.
  9798 | D:9      | Reached skill level 8 in Shields
 10168 | D:10     | Entered Level 10 of the Dungeon
 10204 | D:10     | Found a staircase to the Lair.
 10208 | D:10     | Noticed a two-headed ogre
 10225 | D:10     | Killed a two-headed ogre
 10226 | D:10     | Reached skill level 1 in Evocations
 10260 | D:10     | Noticed a two-headed ogre
 10273 | D:10     | Killed a two-headed ogre
 10273 | D:10     | Reached **** piety under Okawaru
 10335 | D:10     | Noticed Erolcha
 10356 | Abyss:1  | Found a corrupted altar of Lugonu.
 10356 | Abyss:1  | Cast into level 1 of the Abyss (Erolcha)
 10363 | D:10     | Escaped the Abyss
 10367 | D:10     | Noticed Lodul
 10373 | D:10     | Killed Lodul
 10433 | Lair:1   | Entered Level 1 of the Lair of Beasts
 10473 | Lair:1   | Reached ***** piety under Okawaru
 10476 | Lair:1   | Noticed Maggie
 10496 | Lair:1   | Killed Maggie
 10526 | Lair:1   | Found a gate leading to a gauntlet.
 10611 | Gauntlet | Entered a Gauntlet
 10611 | Gauntlet | Found a transporter.
 10611 | Gauntlet | Found a transporter.
 10624 | Gauntlet | Found a transporter.
 10624 | Gauntlet | Found a transporter.
 10629 | Gauntlet | Noticed a fire crab
 10632 | Gauntlet | Found a transporter.
 10636 | Gauntlet | Found a transporter.
 10639 | Gauntlet | Noticed a great orb of eyes
 10640 | Gauntlet | Found a runed translucent door.
 10640 | Gauntlet | Noticed a red ugly thing
 10642 | Gauntlet | Found a runed translucent door.
 10644 | Gauntlet | Found a transporter.
 10661 | Gauntlet | Found a transporter.
 10675 | Gauntlet | Found a transporter.
 10679 | Gauntlet | Found a transporter.
 10687 | Gauntlet | Found a transporter.
 10710 | Gauntlet | Found a runed translucent door.
 10715 | Gauntlet | Found a transporter.
 10975 | Gauntlet | Reached skill level 5 in Throwing
 10999 | Gauntlet | Identified the +8 shortbow of Jeluimod {drain, rElec Will-
                  | Str+2 Dex+6}
 11051 | Gauntlet | Reached skill level 5 in Invocations
 11126 | Gauntlet | Identified the +5 spear of Slashing Certain Death {elec,
                  | rPois rN+ Int+4}
 11126 | Gauntlet | Identified the ring "Finkus" {rF- rC+ EV+5 Str+3}
 11126 | Gauntlet | Noticed a minotaur
 11165 | Gauntlet | Killed a minotaur
 11166 | Gauntlet | Reached XP level 12. HP: 31/92 MP: 14/16
 11166 | Gauntlet | Identified the +10 quarterstaff of Anguish {heavy, rC+
                  | Will+ Dex-4}
 11398 | Lair:1   | Reached skill level 5 in Evocations
 11645 | Lair:1   | Received a gift from Okawaru
 11791 | Lair:1   | Found a shadowy altar of Dithmenos.
 12305 | Lair:2   | Found the +18 Lear's hauberk
 12761 | Lair:2   | Noticed a six-headed hydra
 12776 | Lair:2   | Killed a six-headed hydra
 12870 | Lair:2   | Found a transporter.
 12885 | Lair:2   | Found a transporter.
 12912 | Lair:2   | Found a staircase to the Snake Pit.
 13110 | Lair:2   | Noticed a boulder beetle
 13110 | Lair:2   | Noticed a boulder beetle
 13345 | Lair:3   | Identified the ring "Eleilet" {rN+ Will- AC+4 Int+4}
 13373 | Lair:3   | Noticed an eight-headed hydra
 13386 | Lair:3   | Received a gift from Okawaru
 13439 | Lair:3   | Noticed a skyshark
 13451 | Lair:3   | Killed a skyshark
 13461 | Lair:3   | Noticed a death yak
 13461 | Lair:3   | Noticed a death yak
 13461 | Lair:3   | Noticed a death yak
 13488 | Lair:3   | Killed a death yak
 13490 | Lair:3   | Killed a death yak
 13494 | Lair:3   | Killed a death yak
 13644 | Lair:3   | Killed an eight-headed hydra
 13645 | Lair:3   | Reached skill level 9 in Shields
 13645 | Lair:3   | Reached XP level 13. HP: 67/98 MP: 19/19
 13772 | Lair:3   | Found a staircase to the Swamp.
 13953 | Lair:3   | Reached skill level 10 in Shields
 13975 | Lair:3   | Acquired 511 gold pieces
 14180 | Lair:3   | Identified the +8 scale mail of Focus {rElec Str+4 Int-2
                  | SInv}
 14291 | Lair:1   | Gained mutation: You occasionally lose the ability to read
                  | scrolls when taking damage. [potion of mutation]
 14291 | Lair:1   | Gained mutation: You possess an exceptional clarity of
                  | mind. [potion of mutation]
 14292 | Lair:1   | Lost mutation: You occasionally lose the ability to read
                  | scrolls when taking damage. [potion of mutation]
 14292 | Lair:1   | Lost mutation: You possess an exceptional clarity of mind.
                  | [potion of mutation]
 14292 | Lair:1   | Gained mutation: You have a somewhat thin skeletal
                  | structure. (Dex +2, Stealth+) [potion of mutation]
 14779 | Lair:4   | Received a gift from Okawaru
 15145 | Lair:4   | Reached skill level 11 in Shields
 15291 | Lair:4   | Found a staircase to the Slime Pits.
 15291 | Lair:4   | Found a viscous altar of Jiyva.
 15916 | Lair:5   | Entered Level 5 of the Lair of Beasts
 15935 | Lair:5   | Received a gift from Okawaru
 16060 | Lair:5   | Reached skill level 10 in Polearms
 16311 | Lair:5   | Reached skill level 12 in Shields
 16351 | Lair:5   | Reached ****** piety under Okawaru
 16352 | Lair:5   | Acquired a +3 demon trident of electrocution
 16352 | Lair:5   | Received a gift from Okawaru
 16353 | Lair:5   | Acquired the +15 Maxwell's patent armour {-Cast -Tele rElec
                  | Will+ rCorr}
 16353 | Lair:5   | Received a gift from Okawaru
 16353 | Lair:5   | Found the +15 Maxwell's patent armour {-Cast -Tele rElec
                  | Will+ rCorr}
 16432 | Lair:5   | Reached XP level 14. HP: 89/105 MP: 20/20
 16542 | Lair:5   | Received a gift from Okawaru
 16659 | Lair:5   | Reached skill level 13 in Shields
 16909 | Lair:5   | Received a gift from Okawaru
 16997 | Lair:5   | Reached skill level 14 in Shields
 17682 | Orc:1    | Entered Level 1 of the Orcish Mines
 18153 | Orc:1    | Found a shimmering altar of Xom.
 18413 | Orc:2    | Entered Level 2 of the Orcish Mines
 18437 | Orc:1    | Received a gift from Okawaru
 18522 | Orc:1    | Reached skill level 15 in Shields
 18581 | Orc:2    | Found a staircase to the Elven Halls.
 18658 | Orc:2    | Received a gift from Okawaru
 18659 | Orc:2    | Reached XP level 15. HP: 110/110 MP: 21/21
 19564 | Orc:2    | Reached skill level 16 in Shields
 19565 | Orc:2    | Received a gift from Okawaru
 19675 | Orc:2    | Found Zithairi's Book Boutique.
 19675 | Orc:2    | Found Loskoa's Weapon Emporium.
 19677 | Orc:2    | Found Ucatu's General Store.
 19677 | Orc:2    | Found Bovemoukk's Antique Weapon Emporium.
 20016 | Orc:2    | Upgraded the game from 0.32-a0-22-g6ae6769602 to
                  | 0.32-a0-30-gefbe487952
 20525 | D:10     | Found a shimmering altar of Xom.
 20525 | D:10     | Noticed Nergalle
 20537 | D:10     | Killed Nergalle
 20591 | D:10     | Killed Erolcha
 20935 | D:11     | Identified the +9 dagger of Wyrd {spect, Int+4}
 22138 | D:12     | Found the +7 staff of the Meek {protect, meekguard}
 22176 | D:12     | Found Bastys's Weapon Boutique.
 22903 | D:13     | Received a gift from Okawaru
 23244 | D:13     | Reached skill level 17 in Shields
 23264 | D:13     | Found a gate to the Vaults.
 23989 | D:14     | Found an ancient bone altar of Kikubaaqudgha.
 24006 | D:14     | Noticed Snorg
 24052 | D:14     | Killed Snorg
 24377 | D:15     | Entered Level 15 of the Dungeon
 24428 | D:15     | Reached XP level 16. HP: 117/117 MP: 22/22
 24466 | D:15     | Received a gift from Okawaru
 24531 | D:15     | Found a staircase to the Depths.
 24627 | D:15     | Reached skill level 18 in Shields
 25119 | D:15     | Received a gift from Okawaru
 25379 | D:15     | Noticed Roxanne
 25554 | D:15     | Killed Roxanne
 25807 | Lair:2   | Reached skill level 19 in Shields
 25870 | Swamp:1  | Entered Level 1 of the Swamp
 25957 | Swamp:1  | Noticed Frances
 25973 | Swamp:1  | Identified the +0 chain mail of Fashionability {Will+
                  | Dex+2}
 25977 | Swamp:1  | Killed Frances
 26120 | Swamp:1  | Noticed a fenstrider witch
 26479 | Lair:3   | Killed a fenstrider witch
 26743 | Snake:1  | Entered Level 1 of the Snake Pit
 26835 | Snake:1  | Found Doverch's General Store.
 26871 | Snake:1  | Bought a potion of heal wounds for 100 gold pieces
 26871 | Snake:1  | Bought a wand of roots (8) for 384 gold pieces
 26985 | Snake:1  | Received a gift from Okawaru
 27072 | Snake:1  | Noticed Jorgrun
 27088 | Snake:1  | Killed Jorgrun
 27396 | Snake:2  | Noticed Vashnia
 27430 | Snake:2  | Killed Vashnia
 27431 | Snake:2  | Reached XP level 17. HP: 122/122 MP: 18/24
 27469 | Snake:2  | Received a gift from Okawaru
 27624 | Snake:2  | Found a runed translucent door.
 27625 | Snake:2  | Found a shimmering altar of Xom.
 27625 | Snake:2  | Noticed jasper's ghost (adept DrCA)
 27687 | Snake:2  | Reached skill level 20 in Shields
 27687 | Snake:2  | Reached skill level 10 in Invocations
 28823 | Snake:3  | Received a gift from Okawaru
 29143 | Snake:3  | Reached skill level 21 in Shields
 29360 | Snake:3  | Received a gift from Okawaru
 29738 | Snake:4  | Entered Level 4 of the Snake Pit
 30494 | Snake:4  | Received a gift from Okawaru
 30632 | Snake:4  | Reached XP level 18. HP: 130/131 MP: 23/26
 31024 | Arena    | Entered the Arena
 31617 | Snake:4  | Got a serpentine rune of Zot
 31748 | Snake:4  | Found Veotunt's Antique Armour Shoppe.
 31962 | Swamp:1  | Noticed Donald
 32002 | Lair:3   | Killed Donald
 32061 | Swamp:1  | Noticed Louise
 32079 | Swamp:1  | Identified the serpent talisman "Tid Foel" {rElec rF- Dex+3
                  | SInv}
 32079 | Swamp:1  | Noticed Aizul
 32110 | Arena    | Entered the Arena
 32137 | Arena    | Killed Louise
 32195 | Swamp:1  | Killed Aizul
 32366 | Swamp:1  | Found a sparkling altar of Nemelex Xobeh.
 32807 | Swamp:2  | Noticed a tentacled monstrosity
 32808 | Swamp:2  | Found a transporter.
 32808 | Swamp:2  | Noticed Xonepos's ghost (adept MiFi)
 32897 | Swamp:2  | Reached skill level 10 in Fighting
 32897 | Swamp:2  | Reached skill level 10 in Throwing
 32897 | Swamp:2  | Reached skill level 10 in Armour
 33271 | Swamp:2  | Found a transporter.
 33461 | Swamp:2  | Received a gift from Okawaru
 35890 | Swamp:4  | Entered Level 4 of the Swamp
 36275 | Swamp:4  | Reached XP level 19. HP: 136/143 MP: 27/27
 36754 | Swamp:4  | Noticed the 27-headed Lernaean hydra
 36766 | Swamp:4  | Killed the 27-headed Lernaean hydra
 36890 | Swamp:4  | Got a decaying rune of Zot
 37336 | Elf:1    | Entered Level 1 of the Elven Halls
 37366 | Elf:1    | Received a gift from Okawaru
 37584 | Elf:1    | Found a crumbling gateway.
 37619 | Desolati | Entered the Desolation of Salt
 37779 | Desolati | Identified the amulet "Tocrueci" {Faith rC+ Stlth+}
 37887 | Desolati | Identified the +3 scale mail of Insurance {rC+ Int+3
                  | Slay-6}
 37906 | Desolati | Identified the +4 halberd of Wuimm {freeze, rElec}
 37911 | Desolati | Identified the ring "Uqaq" {rN+ Stlth+}
 37920 | Desolati | Got the Encyclopedia of the Wyrd and Hurting
 38000 | Desolati | Received a gift from Okawaru
 38512 | Desolati | Identified the +1 pair of gloves of Polytheism {rPois rN++
                  | Regen+ Str-5}
 38539 | Desolati | Identified the +0 bardiche "Hixextid" {pain, rN+}
 39149 | Elf:1    | Noticed a Hell Sentinel
 39162 | Elf:1    | Noticed a Hell Sentinel
 39274 | Elf:1    | Received a gift from Okawaru
 39359 | Elf:1    | Acquired the +1 pair of gloves of the Special Demons {+Inv
                  | rElec Regen+ Stlth-}
 39549 | Elf:1    | Reached XP level 20. HP: 156/158 MP: 28/28
 39753 | Elf:1    | Found a runed translucent gate.
 39753 | Elf:1    | Found a runed translucent gate.
 39753 | Elf:1    | Found a runed translucent gate.
 39754 | Elf:1    | Noticed Litiur's ghost (adept OpIE)
 39756 | Elf:1    | Found a viscous altar of Jiyva.
 40089 | Elf:2    | Found Zimnuekel's Assorted Antiques.
 40101 | Elf:2    | Bought a scroll of revelation for 210 gold pieces
 40101 | Elf:2    | Bought a potion of might for 112 gold pieces
 40101 | Elf:2    | Bought a potion of haste for 280 gold pieces
 40101 | Elf:2    | Bought a potion of cancellation for 224 gold pieces
 40101 | Elf:2    | Bought a wand of digging (4) for 470 gold pieces
 40115 | Elf:2    | Found a runed translucent gate.
 40116 | Elf:2    | Found a runed translucent gate.
 40121 | Elf:2    | Found a runed translucent gate.
 40429 | Elf:3    | Entered Level 3 of the Elven Halls
 40695 | Elf:3    | Received a gift from Okawaru
 41059 | Elf:3    | Noticed a Tzitzimitl
 41135 | Elf:3    | Received a gift from Okawaru
 41144 | Elf:3    | Noticed a Tzitzimitl
 41159 | Elf:3    | Reached skill level 15 in Fighting
 41159 | Elf:3    | Reached skill level 15 in Armour
 41465 | Elf:3    | Reached skill level 10 in Dodging
 41477 | Elf:3    | Identified the +9 quarterstaff of Division {spect, rF+
                  | Dex+2}
 41553 | Elf:3    | Received a gift from Okawaru
 41568 | Elf:3    | Identified the +1 morningstar of Inference {protect,
                  | ^Fragile rPois rCorr}
 41614 | Elf:3    | Identified the -2 helmet of the Swamp {-Tele Str+4 Dex+5}
 41628 | Elf:3    | Identified the +8 quarterstaff of Ucimeh {drain, MP+9 Int-2
                  | SInv}
 41633 | Elf:3    | Got the Volume of Spellbinding Diablerie
 41638 | Elf:3    | Got the Discursus on the Maledictive Compass
 41653 | Elf:3    | Identified the +2 spear of Gyuh {spect, MP+9 Int+4 Dex-3}
 41920 | Vaults:1 | Entered Level 1 of the Vaults
 41948 | Vaults:1 | Found Wetroos's Assorted Antiques.
 42591 | Vaults:1 | Noticed Boris
 42621 | Vaults:1 | Killed Boris
 42930 | Vaults:1 | Reached XP level 21. HP: 169/169 MP: 29/29
 43037 | Vaults:1 | Found Woiguudi's Book Shop.
 43047 | Vaults:1 | Found Miaf's Book Boutique.
 43117 | Vaults:1 | Received a gift from Okawaru
 43288 | Vaults:1 | Identified the +4 morningstar of Wyrd {speed, *Rage Str+3
                  | Int+3}
 43657 | Arena    | Entered the Arena
 43872 | Vaults:1 | Received a gift from Okawaru
 43950 | Vaults:1 | Got the Secrets of Cooperative Combat Magic
 43952 | Vaults:1 | Identified the +9 orcbow "Grim" {heavy, Str+2}
 44072 | Vaults:1 | Found the +2 hood of the Assassin {Detect Stab+ Stlth++}
 44157 | Vaults:1 | Identified the +2 spear of Income {antimagic, ^Drain Fly
                  | Int+2}
 44519 | Vaults:2 | Found a magical portal.
 44533 | WizLab   | Entered Maxwell's Workshop
 45071 | WizLab   | Identified the ring "Vanyj" {Ice ^Drain rElec rPois Dex+5}
 45072 | WizLab   | Identified the +4 dagger of Raowow {venom, Int+3}
 45074 | WizLab   | Identified the +1 robe "Oplim" {*Corrode rElec rPois}
 45283 | WizLab   | Identified the ring "Rair" {Fire ^Contam rElec rPois Int+3}
 45434 | WizLab   | Identified the ring of Jead Wuph {Ice Int+3 Dex+3}
 45734 | Vaults:2 | Received a gift from Okawaru
 45791 | Vaults:2 | Identified the +1 quarterstaff of Conversion {spect, rF+}
 46440 | Vaults:2 | Reached XP level 22. HP: 170/178 MP: 30/30
 46637 | Vaults:2 | Identified the death talisman "Waofiom" {rF+ rC+ Str-5}
 46854 | Vaults:3 | Noticed Norris
 46887 | Vaults:3 | Killed Norris
 46897 | Vaults:3 | Received a gift from Okawaru
 47278 | Vaults:3 | Reached skill level 22 in Shields
 47694 | Vaults:3 | Found Lauseog's Armour Shoppe.
 48000 | Vaults:3 | Found a staircase to the Crypt.
 48000 | Vaults:3 | Found an ancient bone altar of Kikubaaqudgha.
 48001 | Vaults:3 | Found a basalt altar of Yredelemnul.
 48478 | Vaults:4 | Received a gift from Okawaru
 48620 | Vaults:4 | Found the +1 cloak of Starlight {*Dazzle EV+4 Stlth--}
 48851 | Vaults:4 | Found Dyru Nyt's General Store.
 49433 | Vaults:4 | Found a portal to a secret trove of treasure.
 49910 | Depths:1 | Entered Level 1 of the Depths
 49910 | Depths:1 | Found Irohuili's Jewellery Emporium.
 49911 | Depths:1 | Found Aluumne's Book Boutique.
 49913 | Depths:1 | Found Hulureq's Jewellery Emporium.
 49926 | Depths:1 | Bought a ring of the Octopus King {rF+ HP+2 AC+2 EV+2 SH+2}
                  | for 1228 gold pieces
 49926 | Depths:1 | Found the ring of the Octopus King {rF+ HP+2 AC+2 EV+2
                  | SH+2}
 50046 | Depths:1 | Received a gift from Okawaru
 50125 | Depths:1 | Reached XP level 23. HP: 172/188 MP: 31/31
 50324 | Depths:1 | Noticed Boris
 50359 | Depths:1 | Killed Boris
 50385 | Depths:1 | Found a one-way gateway to a ziggurat.
 50717 | Depths:1 | Found a gateway to Hell.
 51086 | Depths:2 | Found a one-way gate leading to the halls of Pandemonium.
 51244 | Depths:2 | Received a gift from Okawaru
 51448 | Depths:2 | Gained mutation: Your body sometimes deteriorates upon
                  | taking damage. [a cacodemon]
 51452 | Arena    | Entered the Arena
 51544 | Depths:2 | Found a burning altar of Makhleb.
 51565 | Depths:2 | Identified the +8 dagger "Mouram" {antimagic, Dex+4}
 51603 | Depths:2 | Identified the +1 chain mail "Qiysk" {Int+2}
 51660 | Abyss:3  | Found a corrupted altar of Lugonu.
 51660 | Abyss:3  | Cast into level 3 of the Abyss (a deep elf demonologist)
 51823 | Arena    | Entered the Arena
 52240 | Abyss:3  | Reached skill level 15 in Throwing
 52386 | Abyss:3  | Found a corrupted altar of Lugonu.
 52413 | Abyss:3  | Got an abyssal rune of Zot
 52451 | Depths:2 | Escaped the Abyss
 52452 | Arena    | Entered the Arena
 53441 | Depths:3 | Found a basalt altar of Yredelemnul.
 53470 | Depths:3 | Reached XP level 24. HP: 198/198 MP: 31/31
 53477 | Depths:3 | Received a gift from Okawaru
 53922 | Depths:3 | Found a one-way gate to the infinite horrors of the Abyss.
 54257 | Depths:3 | Found an ornate altar of the Wu Jian Council.
 54282 | Depths:3 | Reached skill level 15 in Dodging
 54583 | Depths:3 | Found the +10 tower shield of Ignorance {rN+ Int-4}
 54619 | Depths:3 | Upgraded the game from 0.32-a0-30-gefbe487952 to
                  | 0.32-a0-33-g74fbe469d6
 54726 | Depths:3 | Received a gift from Okawaru
 55030 | Depths:4 | Entered Level 4 of the Depths
 55121 | Depths:4 | Found Kafirr's Superior Scales.
 55463 | Depths:4 | Noticed Sojobo
 55504 | Depths:4 | Killed Sojobo
 55723 | Depths:4 | Found a gate to the Realm of Zot.
 55845 | Depths:4 | Found the +4 skin of Zhor {*Englaciate rC+++ SInv}
 56393 | Crypt:1  | Entered Level 1 of the Crypt
 58510 | Crypt:1  | Received a gift from Okawaru
 58811 | Crypt:1  | Noticed Boris
 58851 | Crypt:1  | Killed Boris
 58877 | Crypt:1  | Found a huge runed translucent gate.
 58877 | Crypt:1  | Found a huge runed translucent gate.
 58877 | Crypt:1  | Found a huge runed translucent gate.
 58878 | Crypt:1  | Found a huge runed translucent gate.
 58878 | Crypt:1  | Found a huge runed translucent gate.
 58879 | Crypt:1  | Found a huge runed translucent gate.
 58879 | Crypt:1  | Found a huge runed translucent gate.
 59443 | Crypt:1  | Found a huge runed translucent gate.
 59443 | Crypt:1  | Found a huge runed translucent gate.
 59532 | Crypt:1  | Received a gift from Okawaru
 59587 | Crypt:1  | Identified the ring of Imofoosh {*Slow rF++ rC+}
 59618 | Crypt:1  | Identified the +3 leather armour of Emeampic {rPois Regen+
                  | Int-3 SInv}
 59657 | Crypt:2  | Noticed Mennas
 59999 | Crypt:2  | Reached XP level 25. HP: 210/210 MP: 31/31
 60208 | Crypt:2  | Identified the +2 pair of boots of the Heavens {+Blink +Inv
                  | Str+5 Dex-4}
 60326 | Crypt:2  | Killed Mennas
 60873 | Crypt:3  | Entered Level 3 of the Crypt
 61638 | Crypt:3  | Received a gift from Okawaru
 61911 | Crypt:3  | Found a staircase to the Tomb.
 62317 | Crypt:3  | Identified the +11 spear of Hacking and Slashing {drain,
                  | rElec Will+}
 62549 | Crypt:3  | Got Gloorx Vloq's Tractate on Debased Mysteries
 63093 | Crypt:3  | Identified the ring "Pamyzxeu" {rC++ Will- rCorr}
 63103 | Crypt:3  | Identified the +7 shortbow of the Secret Blessings
                  | {antimagic, rN+ Str-5 Dex+5}
 63680 | Elf:1    | Killed Litiur's ghost
 63692 | Elf:1    | Identified the +10 hand axe "Ejivos" {flame, rElec rN++
                  | Str+3}
 64131 | Vaults:5 | Entered Level 5 of the Vaults
 64131 | Vaults:5 | Noticed Mara
 64159 | Vaults:5 | Received a gift from Okawaru
 64159 | Vaults:5 | Noticed MrSquiggles's illusion
 64166 | Vaults:5 | Noticed a dread lich
 64172 | Vaults:5 | Killed Mara
 64179 | Vaults:5 | Noticed a dread lich
 64194 | Vaults:5 | Paralysed by a dread lich for 5 turns
 64217 | Vaults:5 | Killed a dread lich
 64221 | Vaults:5 | Killed a dread lich
 64295 | Vaults:5 | Reached XP level 26. HP: 224/224 MP: 28/31
 64419 | Vaults:5 | Reached skill level 1 in Shapeshifting
 64456 | Vaults:5 | Identified the ring "Kafoiw" {Ice rPois Will- Int+6 Dex-3}
 64511 | Vaults:5 | Received a gift from Okawaru
 64546 | Vaults:5 | Identified the +3 rapier of the Usurping Badger {flame,
                  | Dex+3}
 64565 | Vaults:5 | Noticed an ancient lich
 64577 | Vaults:5 | Killed an ancient lich
 64578 | Vaults:5 | Reached skill level 5 in Shapeshifting
 64585 | Vaults:5 | Noticed an ancient lich
 64593 | Vaults:5 | Killed an ancient lich
 64594 | Vaults:5 | Identified the orb "Jaliul" {*channel, Will+}
 64594 | Vaults:5 | Noticed Frederick
 64594 | Vaults:5 | Identified the ring "Wurose" {^Drain rElec rC+ Int+9}
 64594 | Vaults:5 | Identified the +8 great sword of the Slime-mould {pain,
                  | rF+}
 64643 | Vaults:5 | Killed Frederick
 64661 | Vaults:5 | Identified the staff of the Inferno {*Slow rElec rF+ SInv
                  | Air Alchemy}
 64709 | Vaults:5 | Found the amulet of the Air {Inacc Air Fly rElec RMsl}
 64961 | Vaults:5 | Got a silver rune of Zot
 65209 | Vaults:5 | Identified the ring "Beviapp" {rPois rC++ Will- Int+2}
 65669 | Vaults:5 | Acquired the +2 pair of slick slippers {slick, slippery,
                  | EV+4}
 65669 | Vaults:5 | Found the +2 pair of slick slippers {slick, slippery, EV+4}
 66371 | Vaults:3 | Bought the +1 crystal plate armour of Panifite {rN+ Will+
                  | Dex+3} for 2008 gold pieces
 68409 | Swamp:2  | Killed Xonepos's ghost
 71537 | Elf:2    | Received a gift from Okawaru
 71703 | Elf:2    | Reached skill level 10 in Shapeshifting
 73893 | Vaults:4 | You paid a toll of a +6 demon whip to enter a treasure
                  | trove
 73894 | Trove    | Entered a treasure trove
 73935 | Trove    | Identified the +6 demon trident "Lyuty" {venom, rElec Dex+3
                  | Stlth+}
 73962 | Trove    | Identified the amulet "Achut" {Acrobat *Corrode rF- rN+++
                  | Str+4}
 73968 | Trove    | Identified the ring "Oneopaen" {rPois rF+ Str+6 Stlth+}
 73971 | Trove    | Identified the amulet of Elitism {Reflect Rampage *Slow
                  | Str+9 Dex-4 SH+5}
 73981 | Trove    | Identified the +9 quarterstaff of the Wasp {flame, *Noise
                  | rN+ Str+3 Int+6}
 73999 | Trove    | Identified the ring of Zin's Displeasure {rElec rF+ Dex+4}
 74557 | Snake:2  | Killed jasper's ghost
 74869 | Zot:1    | Entered Level 1 of the Realm of Zot
 75656 | Zot:1    | Reached XP level 27. HP: 205/231 MP: 31/31
 75814 | Zot:1    | Reached skill level 15 in Shapeshifting
 76487 | Zot:2    | Noticed a juggernaut
 76652 | Zot:1    | Killed a juggernaut
 79186 | Zot:2    | Received a gift from Okawaru
 80344 | Zot:4    | Noticed Grunn
 80345 | Arena    | Entered the Arena
 80355 | Arena    | Killed Grunn
 81710 | Zot:4    | Found a hide-covered altar of Uskayaw.
 82029 | Depths:4 | Lost mutation: You have a somewhat thin skeletal structure.
                  | (Dex +2, Stealth+) [potion of mutation]
 82029 | Depths:4 | Lost mutation: Your body sometimes deteriorates upon taking
                  | damage. [potion of mutation]
 82029 | Depths:4 | Gained mutation: Your muscles are strong. (Str +4, Int/Dex
                  | -1) [potion of mutation]
 82029 | Depths:4 | Gained mutation: You have hidden genetic potential. [potion
                  | of mutation]
 82029 | Depths:4 | Gained mutation: You have an increased reservoir of magic.
                  | (+10% MP) [potion of mutation]
 82285 | Zig:1    | Entered Level 1 of a ziggurat
 82386 | Zig:2    | Entered Level 2 of a ziggurat
 82422 | Zig:3    | Entered Level 3 of a ziggurat
 82519 | Zig:3    | Learned a level 2 spell: Blink
 82520 | Zig:4    | Entered Level 4 of a ziggurat
 82546 | Zig:4    | Reached skill level 1 in Translocations
 82557 | Zig:4    | Found the +2 hat of the Bear Spirit {Spirit, Bear, *Rage
                  | Will++}
 82597 | Zig:5    | Entered Level 5 of a ziggurat
 82643 | Zig:5    | Identified the +0 hand axe of the Vestibule of Hell {speed,
                  | Str-4 Int+5 Dex+3}
 82656 | Zig:6    | Entered Level 6 of a ziggurat
 82664 | Zig:6    | Noticed a royal mummy
 82670 | Zig:6    | Killed a royal mummy
 82710 | Zig:6    | Identified the amulet of the Devil's Team {Faith Str+2}
 82719 | Zig:7    | Entered Level 7 of a ziggurat
 82742 | Zig:7    | Paralysed by accursed screaming for 2 turns
 82745 | Zig:8    | Entered Level 8 of a ziggurat
 82865 | Zig:8    | Identified the +3 broad axe "Orb Guardian's Regret"
                  | {freeze, ^Contam rPois Will+++ Int-5}
 82871 | Zig:8    | Identified the +1 leather armour "Sain" {Rampage Dex+2
                  | Stlth+}
 82886 | Zig:9    | Entered Level 9 of a ziggurat
 83043 | Zig:9    | Got Viujolla's Vellum of Horrible Damage
 83052 | Zig:9    | Identified the +5 rapier of the Fulmar {antimagic, Dex+3}
 83060 | Zig:10   | Entered Level 10 of a ziggurat
 83177 | Zig:10   | Identified the +7 war axe of Pidacsol {flame, rElec rC+
                  | Will+++ Str-2}
 83207 | Zig:11   | Entered Level 11 of a ziggurat
 83318 | Zig:11   | Identified the staff of the Insatiable Coins {rF+ rC+ rN+
                  | Str+2 Ice}
 83320 | Zig:11   | Identified the +5 spear "Orb Guardian's Death" {drain,
                  | rCorr Str-5 Dex+2}
 83321 | Zig:11   | Identified the +1 great sword "Poezuyko" {heavy, rCorr MP+9
                  | Dex+3}
 83352 | Zig:12   | Entered Level 12 of a ziggurat
 83406 | Zig:13   | Entered Level 13 of a ziggurat
 83474 | Zig:13   | Noticed a dread lich
 83480 | Zig:13   | Identified the ring of Fudicvuu {rC+ Str+6}
 83899 | Hell     | Entered the Vestibule of Hell
 83899 | Hell     | Noticed Geryon
 83908 | Hell     | Killed Geryon
 84056 | Hell     | Found a gateway to the freezing wastes of Cocytus.
 84111 | Hell     | Found a gateway to the decaying netherworld of Tartarus.
 84317 | Hell     | Found a gateway to the ashen valley of Gehenna.
 84368 | Hell     | Found a gateway to the Iron City of Dis.
 85083 | Slime:1  | Entered Level 1 of the Pits of Slime
 88342 | Slime:5  | Entered Level 5 of the Pits of Slime
 88765 | Slime:5  | Received a gift from Okawaru
 89386 | Slime:5  | Noticed the Royal Jelly
 89389 | Arena    | Entered the Arena
 89412 | Arena    | Killed the Royal Jelly
 89692 | Slime:5  | Got a slimy rune of Zot
 89872 | Slime:5  | Learned a level 1 spell: Apportation
 92043 | D:3      | Bought a scroll of fog for 120 gold pieces
 92403 | Vaults:4 | Bought a scroll of fog for 84 gold pieces
 92403 | Vaults:4 | Bought a scroll of teleportation for 63 gold pieces
 92842 | Zot:5    | Entered Level 5 of the Realm of Zot
 92917 | Zot:5    | Noticed nocore's ghost (master DEFE)
 92923 | Zot:5    | Found a transporter.
 92956 | Zot:5    | Found a transporter.
 94296 | Zot:5    | Noticed an ancient lich
 94315 | Zot:5    | Killed an ancient lich
 94316 | Zot:5    | Reached skill level 23 in Shields
 94354 | Zot:5    | Received a gift from Okawaru
 94502 | Zot:5    | Noticed an orb of fire
 94532 | Zot:5    | Killed an orb of fire
 94541 | Zot:5    | Noticed a dread lich
 94548 | Zot:5    | Killed a dread lich
 94580 | Zot:5    | Noticed an ancient lich
 94605 | Zot:5    | Killed an ancient lich
 94675 | Zot:5    | Reached skill level 24 in Shields
 94728 | Zot:5    | Reached skill level 1 in Stealth
 94729 | Zot:5    | Noticed an orb of fire
 94770 | Zot:5    | Killed an orb of fire
 95094 | Zot:5    | Noticed an orb of fire
 95100 | Zot:5    | Killed an orb of fire
 95409 | Pan      | Entered Pandemonium
 95694 | Pan      | Reached skill level 1 in Axes
 96011 | Pan      | Received a gift from Okawaru
 96125 | Pan      | Noticed Weilan the pandemonium lord
 96140 | Abyss:5  | Cast into level 5 of the Abyss (Weilan)
 96163 | Abyss:5  | Reached skill level 5 in Translocations
 96256 | Abyss:5  | Paralysed by accursed screaming for 1 turns
 96300 | Abyss:5  | Reached skill level 25 in Shields
 96377 | Abyss:5  | Paralysed by accursed screaming for 1 turns
 96384 | Abyss:5  | Paralysed by accursed screaming for 1 turns
 96391 | Abyss:5  | Reached skill level 5 in Stealth
 96402 | Abyss:5  | Paralysed by accursed screaming for 1 turns
 96410 | Abyss:5  | Paralysed by accursed screaming for 1 turns
 96413 | Pan      | Escaped the Abyss
 96467 | Pan      | Killed Weilan the pandemonium lord
 96558 | Pan      | Found an exit through the horrors of the Abyss.
 97337 | Pan      | Reached skill level 5 in Axes
 97511 | Pan      | Received a gift from Okawaru
 97620 | Pan      | Found an exit through the horrors of the Abyss.
 97967 | Pan      | Identified the +3 leather armour of Saudgh {+Blink rElec
                  | rC+}
 98011 | Pan      | Noticed Gigeecot the pandemonium lord
 98036 | Pan      | Found an exit through the horrors of the Abyss.
 99836 | Pan      | Noticed Lethrups the pandemonium lord
100173 | Pan      | Noticed Dorenaep the pandemonium lord
100296 | Pan      | Noticed Ylufitiw the pandemonium lord
100463 | Pan      | Noticed Rexupun the pandemonium lord
100556 | Pan      | Killed Rexupun the pandemonium lord
100809 | Pan      | Found a runed translucent door.
100902 | Pan      | Got a demonic rune of Zot
100954 | Pan      | Reached skill level 15 in Invocations
101024 | Pan      | Received a gift from Okawaru
101165 | Pan      | Learned a level 2 spell: Lesser Beckoning
101202 | Pan      | Learned a level 4 spell: Manifold Assault
101337 | Pan      | Identified the amulet "Tafir" {Spirit rElec rF+++ Int+3
                  | Dex-4}
101391 | Pan      | Found a transporter.
101458 | Pan      | Identified the +7 halberd of Infinity {antimagic, rC+}
101660 | Pan      | Found a transporter.
101952 | Pan      | Entered the realm of Gloorx Vloq.
101954 | Pan      | Upgraded the game from 0.32-a0-33-g74fbe469d6 to
                  | 0.32-a0-35-gd9ff480968
102332 | Pan      | Reached skill level 10 in Translocations
102780 | Pan      | Received a gift from Okawaru
103152 | Pan      | Noticed Gloorx Vloq
103175 | Pan      | Killed Gloorx Vloq
103214 | Pan      | Got a dark rune of Zot
103266 | Pan      | Received a gift from Okawaru
103549 | Pan      | Learned a level 6 spell: Dispersal
103583 | Pan      | Noticed Kedoent the pandemonium lord
103587 | Pan      | Entered the realm of Lom Lobon.
103635 | Pan      | Identified the orb of Dithmenos's Whim {*channel, +Blink
                  | rPois Int+4 Alchemy}
103733 | Pan      | Found an exit through the horrors of the Abyss.
104241 | Pan      | Received a gift from Okawaru
105008 | Pan      | Reached skill level 15 in Translocations
105371 | Pan      | Noticed Lom Lobon
105401 | Pan      | Killed Lom Lobon
105402 | Pan      | Upgraded the game from 0.32-a0-35-gd9ff480968 to
                  | 0.32-a0-38-gb04dd89b9b
105438 | Pan      | Got a magical rune of Zot
105656 | Pan      | Entered the realm of Cerebov.
105728 | Pan      | Found an exit through the horrors of the Abyss.
105801 | Pan      | Learned a level 3 spell: Gell's Gravitas
105914 | Pan      | Received a gift from Okawaru
106404 | Pan      | Learned a level 4 spell: Dimensional Bullseye
106409 | Pan      | Learned a level 4 spell: Vhi's Electric Charge
106477 | Pan      | Reached skill level 1 in Hexes
106477 | Pan      | Reached skill level 1 in Air Magic
106806 | Pan      | Received a gift from Okawaru
107044 | Pan      | Found the +6 sword of Cerebov {flame}
107044 | Pan      | Noticed Cerebov
107069 | Pan      | Killed Cerebov
107101 | Pan      | Got a fiery rune of Zot
107189 | Pan      | Identified the ring of Lunkacs {rElec rN+++ Str-2 Int-3
                  | Dex+6}
107334 | Pan      | Identified the +7 rapier "Itrept" {flame, Int+6 Dex+2}
107343 | Pan      | Identified the +8 scimitar "Wuept" {drain, rElec Will+
                  | rCorr MP+9}
107368 | Pan      | Identified the ring "Otwohyx" {AC+4 Str+2}
107412 | Pan      | Identified the +8 plate armour of Chimes {-Tele rN+ Dex+5
                  | Stlth+}
107459 | Pan      | Identified the staff "Lenoy" {rF+ Int+2 Fire}
107593 | Pan      | Entered the realm of Mnoleg.
107901 | Pan      | Found an exit through the horrors of the Abyss.
108505 | Pan      | Noticed Mnoleg
108742 | Pan      | Acquired a manual of Stealth
108904 | Pan      | Received a gift from Okawaru
109106 | Pan      | Got a glowing rune of Zot
109189 | Pan      | Killed Mnoleg
109308 | Pan      | Took an exit into the Abyss.
109308 | Abyss:5  | Escaped into the Abyss
109314 | Depths:2 | Escaped the Abyss
109979 | Zot:5    | Got the Orb of Zot
110118 | Zot:1    | Noticed Lodwuthre the pandemonium lord
110527 | D:$      | Escaped with the Orb!

Illustrated notes

Levels and vault maps discovered:
D:1:      minmay_arrival_split_and_join, layout_basic,
          shapermc_ecumenical_altar_venn, serial_bayou_lagoon_b
D:2:      layout_loops_ring
D:3:      minmay_wonky_spiral, layout_basic, serial_shops,
          nicolae_shop_dealshenge
D:4:      layout_rooms, mainiacjoe_sewer_entry_somewhere_in_here_1,
          corner_web_ring, kennysheep_decorative_pillar, serial_park_tiny_2
D:5:      minmay_chambers_of_fours, layout_loops_ring, dk_yredelemnul_ordeal,
          uniq_blork_the_orc, uniq_duvessa, uniq_pikel
D:6:      layout_gridville, mainiacjoe_overflow_concentric_impassable,
          nemelex_diamond_rough_becter
D:7:      layout_loops_cross, grunt_temple_overflow_forces_of_nature,
          nicolae_gozag_cash_rules_everything_around_me,
          nicolae_sif_muna_little_library, mainiacjoe_overflow_surrounded_room,
          minmay_temple_entry_glassed_door, serial_shops,
          nicolae_take_the_stairs, uniq_maurice
D:8:      layout_gridville, nicolae_uskayaw_murder_on_the_dancefloor,
          enter_bailey_8, uniq_jeremiah
D:9:      gammafunk_steamed_eel, layout_loops_ring,
          mainiacjoe_overflow_small_starburst, nicolae_vehumet_radiance,
          trog_hazing_becter, grunt_dithmenos_smoke_and_mirrors,
          gammafunk_temple_overflow_pools, erik_orc_1, kennysheep_minor_cross,
          minmay_curled_crystal
D:10:     layout_rooms, regret_index_xom_of_box, lair_entry_dummy,
          uniq_nergalle, uniq_lodul, uniq_erolcha
D:11:     layout_basic
D:12:     layout_gridville, serial_ice, serial_ice_a, serial_ice_g,
          serial_ice_b, serial_ice_o, serial_ice_c, serial_shops, shop
D:13:     layout_irregular_city, hellmonk_vaults_attempted_burglary
D:14:     layout_big_octagon, kiku_gazebo_garden_becter, uniq_snorg
D:15:     gammafunk_depths_entry_grave, layout_loops_ring,
          kennysheep_four_rooms, uniq_roxanne
Temple:   nicolae_temple_bog_church
Lair:1:   layout_gridlike, basic_altar, gauntlet_entry_generic,
          small_statue_intersection, uniq_maggie
Lair:2:   gammafunk_boulding_lane, layout_long_grid,
          minmay_snake_entry_guardpost_large, minivault_25
Lair:3:   beast_lair_carwin_large_1, layout_cave_pods,
          minmay_swamp_entry_reptiles
Lair:4:   wander_river, layout_cave_pods, nicolae_slime_entry_slimehenge,
          wad_woods_road_01
Lair:5:   grunt_lair_end_beastmaster, layout_gridlike, special_room
          [special_room_bee]
Swamp:1:  layout_falls_marsh, nicolae_swamp_godswood,
          nicolae_swamp_frolicking_bunyips, infiniplex_staircase_pool_2,
          uniq_donald, uniq_louise, uniq_aizul, uniq_frances
Swamp:2:  tekkud_swamp_unearthing_site, layout_basic_swamp,
          evilmike_swamp_ruin_house_3, gammafunk_ghost_arena,
          nicolae_swamp_stair_fork, swamp_pool_5, nicolae_swamp_treefoil,
          nicolae_swamp_nymph_family_reunion
Swamp:3:  layout_basic_swamp, evilmike_swamp_ruin_house_5, swamp_pool_5,
          hangedman_swamp_pad, grunt_hermit_hut,
          nicolae_swamp_decorative_isthmus
Swamp:4:  swamp_old_school, layout_basic_swamp
Snake:1:  layout_rooms, serial_shops, nicolae_shop_statue_plus,
          serial_bayou_shore_a, uniq_jorgrun
Snake:2:  layout_onion_interference, ebering_ghost_xom, uniq_vashnia
Snake:3:  layout_onion, corexii_hall_statues_i
Snake:4:  johnstein_snake_rune_scales, layout_cave_town, serial_shops, shop
Slime:1:  cheibrodos_slime_lost_civilization_10, layout_caves
Slime:2:  layout_caves
Slime:3:  layout_caves
Slime:4:  layout_caves, nicolae_slime_phagocytosis
Slime:5:  slime_pit_nicolae_royal_road_to_ruin
Orc:1:    layout_caves, basic_altar, mines2_david
Orc:2:    st_orc_ogre_mass, layout_caves
Elf:1:    eino_elf_arrival_customs, layout_geoelf_octagon, gammafunk_ghost_ooze,
          portal_desolation_entry_nicolae_slug, minmay_elf_demonology
Elf:2:    elven_hall_of_blades_hangedman_original
          [nicolae_vaults_blade_armed_guards], layout_onion_city, serial_shops,
          shop
Elf:3:    elf_hall, layout_geoelf_octagon, lemuel_statue_altar
Vaults:1: nicolae_vaults_storage_closets_3, st_greater_box_4,
          nicolae_vaults_trapezoid_lopsided_2, hangedman_vaults_snaps,
          vaults_room_pool, nicolae_vaults_storage_closets_1,
          ontoclasm_vaults_gateway, layout_vaults_chaotic_city, serial_shops,
          nicolae_diamond_shop, nicolae_shop_getting_attention,
          nicolae_shop_waterfront, uniq_boris
Vaults:2: infiniplex_enter_wizlab_glasses, nicolae_vaults_network_quincunx
          [nicolae_vaults_network_quincunx_subvault,
          nicolae_vaults_network_quincunx_subvault,
          nicolae_vaults_network_quincunx_subvault,
          nicolae_vaults_network_quincunx_subvault,
          nicolae_vaults_network_quincunx_subvault], vaults_mumra_minichess,
          layout_vaults_omnigrid
Vaults:3: nicolae_vaults_shelves_hall, nicolae_vaults_ring_of_whatevers,
          nicolae_vaults_tetromino_Z_1, ontoclasm_vaults_shuriken,
          minmay_crypt_entry_necro_gods, nicolae_vaults_cornered_office,
          v_misc_12, nicolae_vaults_taking_the_gang_shopping,
          nicolae_vaults_tetromino_Z_1, nicolae_vaults_twisting_passages,
          serial_ice_m, hangedman_vaults_stretched_pinwheel, v_misc_12,
          nicolae_vaults_little_squares_2, layout_vaults_ring, uniq_norris
Vaults:4: nicolae_vaults_trapezoid_lopsided_4, v_rooms_4,
          vaults_room_hangedman_quadrants, v_pattern_1,
          nicolae_vaults_network_s, vaults_room_door_hall,
          nicolae_vaults_more_shelving_1, grunt_vaults_hallway_long,
          nicolae_vaults_heart-shaped_vault, ontoclasm_vaults_ring_large,
          nicolae_vaults_rhombus_6, nicolae_vaults_diagonal_hallway_7,
          vaults_dpeg_hooks, nicolae_vaults_house_3, v_misc_17,
          layout_vaults_maze_bifur, nicolae_trove_entry_crystal, serial_shops,
          nicolae_shop_waterfront
Vaults:5: uniq_frederick, uniq_mara
Crypt:1:  cheibrodos_crypt_3hun_7po, layout_misc_corridors,
          grunt_crypt_arrival_split
Crypt:2:  layout_misc_corridors, uniq_margery, uniq_mennas
Crypt:3:  due_elkab, layout_chaotic_city, tomb_entry_simple_bobbens
Depths:1: layout_roguey, enter_ziggurat_f, hangedman_coc_ice_floe,
          kennysheep_underground_church, grunt_megastairs_2, firewood_loft,
          minmay_shop_grove
Depths:2: evilmike_makhleb_hellhole, layout_small_grid, pf_hell_entry_tar_river,
          grunt_pan_entry_sceptre, minmay_gold_behind_fungi
Depths:3: dreamdust_under_siege, layout_honeycomb, nzn_wu_jian_council_hall,
          hellmouth_3, rand_demon_pan_entry_3, abyss_entry
Depths:4: evilmike_zot_entry_basic, layout_basic, grunt_decor_mini_mirrors,
          abyss_entry, hell_entry, hellmonk_scale_shop, uniq_sojobo
Hell
Zot:1:    layout_gridville, st_stairs_3
Zot:2:    ebering_greatest_show_in_zot, layout_basic,
          hangedman_zot_decor_scrapings
Zot:3:    layout_basic
Zot:4:    layout_basic, basic_altar, uniq_grunn
Zot:5:    layout_basic, gammafunk_ghost_arena

Skill      XL: |  1  2  3  4  5  6  7  8  9 10 11 12 13 14 15 16 17 18 19 20 21 22 23 24 25 26 27 |
---------------+----------------------------------------------------------------------------------+-----
Polearms       | 3 4 5 6 8 10 12 13 14 | 14.0
Throwing       | 3 5 8 10 11 12 14 15 16 | 16.0
Dodging        | 1 3 5 7 8 9 10 11 13 14 15 18 | 18.0
Shields        | 4 6 7 8 9 12 15 17 19 21 22 25 | 25.0
Armour         | 4 6 7 8 10 13 15 16 17 18 19 21 22 | 22.0
Fighting       | 4 6 7 8 11 13 15 16 17 18 19 21 22 | 22.0
Invocations    | 2 5 8 9 11 17 | 17.6
Evocations     | 4 6 |  6.0
Shapeshifting  | 14 23 | 23.0
Translocations | 18 | 18.0
Stealth        | 8 |  8.7
Axes           | 6 |  6.2
Hexes          | 2 |  2.0
Air Magic      | 2 |  2.0

Action                     |  1- 3 |  4- 6 |  7- 9 | 10-12 | 13-15 | 16-18 | 19-21 | 22-24 | 25-27 || total
---------------------------+-------+-------+-------+-------+-------+-------+-------+-------+-------++-------
  Melee: Trident           |    71 |   232 |   403 |   540 |   333 |       |       |       |       ||  1579
         Spear             |       |       |       |   194 |    58 |       |       |       |       ||   252
         Demon trident     |       |       |       |       |  1039 |  1765 |  2297 |  3187 |  7127 || 15415
         War axe           |       |       |       |       |    25 |    55 |       |       |   565 ||   645
         Trishula          |       |       |       |       |       |       |       |       |  1141 ||  1141
  Throw: Dart              |     3 |    14 |    42 |    52 |   297 |   101 |   117 |   179 |    91 ||   896
         Throwing net      |       |       |       |     5 |       |       |       |       |       ||     5
         Boomerang         |       |       |       |    25 |    25 |   337 |   148 |    26 |   396 ||   957
         Javelin           |       |       |       |       |       |     3 |    18 |    47 |   127 ||   195
   Cast: Manifold Assault  |       |       |       |       |       |       |       |       |    51 ||    51
         Blink             |       |       |       |       |       |       |       |       |     4 ||     4
         Lesser Beckoning  |       |       |       |       |       |       |       |       |     4 ||     4
         Dispersal         |       |       |       |       |       |       |       |       |     3 ||     3
         Vhi's Electric Ch |       |       |       |       |       |       |       |       |     1 ||     1
 Invoke: Heroism           |       |       |       |    11 |    11 |    22 |    15 |    16 |    58 ||   133
         Receive Weapon    |       |       |       |       |     1 |       |       |       |       ||     1
         Receive Armour    |       |       |       |       |     1 |       |       |       |       ||     1
         Finesse           |       |       |       |       |     2 |     4 |     6 |     3 |    20 ||    35
         Duel              |       |       |       |       |       |     2 |     1 |     3 |     2 ||     8
Ability: Begin Untransform |       |       |       |       |       |       |       |       |     3 ||     3
         Siphon Essence    |       |       |       |       |       |       |       |       |     1 ||     1
  Evoke: Wand              |       |       |       |     9 |     1 |     8 |     7 |     6 |    15 ||    46
         Tin of tremorston |       |       |       |     1 |     4 |     4 |     5 |     7 |    11 ||    32
         Phial of floods   |       |       |       |       |       |     1 |     1 |     1 |     1 ||     4
         Lightning rod     |       |       |       |       |       |       |       |     8 |     6 ||    14
         Condenser vane    |       |       |       |       |       |       |       |       |     2 ||     2
    Use: Potion            |       |     1 |     6 |    11 |     2 |    14 |     4 |    16 |    23 ||    77
         Scroll            |       |    10 |     9 |    17 |     6 |     3 |     6 |     2 |    69 ||   122
   Stab: Distracted        |       |     1 |       |       |       |       |       |       |     9 ||    10
         Held in net/web   |       |       |       |     2 |       |       |       |       |       ||     2
         Invisible         |       |       |       |       |       |     6 |       |       |    83 ||    89
         Fleeing           |       |       |       |       |       |       |       |       |     1 ||     1
         Petrified         |       |       |       |       |       |       |       |       |     8 ||     8
 Armour: Scale mail        |    33 |    65 |       |       |    93 |       |       |       |   685 ||   876
         Chain mail        |       |    56 |   224 |   289 |    55 |       |       |       |       ||   624
         Plate armour      |       |       |       |       |   445 |   572 |   901 |  1034 |   305 ||  3257
         Crystal plate arm |       |       |       |       |       |       |       |       |   258 ||   258
         Skin              |       |       |       |       |       |       |       |       |   579 ||   579
  Dodge: Dodged            |    26 |    81 |   103 |   128 |   389 |   198 |   275 |   446 |  2380 ||  4026
  Block: Buckler           |    15 |    50 |    40 |       |       |       |       |       |       ||   105
         Tower shield      |       |       |   119 |   702 |  1664 |  1688 |  2100 |  3399 | 10305 || 19977
         Kite shield       |       |       |    15 |       |       |       |       |       |       ||    15
   Form: Statue            |       |       |       |       |       |       |       |       |     3 ||     3
         Death             |       |       |       |       |       |       |       |       |     2 ||     2

Table legend: (Time is in decaauts)
 A = Elapsed time spent in this place.
 B = Non-inter-level travel time spent in this place.
 C = Inter-level travel time spent in this place.
 D = Time resting spent in this place.
 E = Time spent auto-exploring this place.
 F = Levels seen in this place.
 G = Mean time per level.
                   A        B        C        D        E       F      G
               +--------+--------+--------+--------+--------+-----+--------+
         Total | 108109 |  83920 |  24189 |  10334 |  39518 | 109 |  991.8 |
       Dungeon |  19887 |  14086 |   5801 |    973 |   8410 |  15 | 1325.8 |
        Temple |      1 |      0 |      1 |      0 |      0 |   1 |    1.0 |
          Lair |   9988 |   6836 |   3152 |    614 |   3673 |   5 | 1997.6 |
         Swamp |   6333 |   5006 |   1327 |   1393 |   2166 |   4 | 1583.2 |
     Snake Pit |   5471 |   4697 |    774 |    791 |   2424 |   4 | 1367.8 |
    Slime Pits |   3899 |   3535 |    364 |    639 |   1668 |   5 |  779.8 |
  Orcish Mines |   2874 |   1985 |    889 |    132 |   1086 |   2 | 1437.0 |
   Elven Halls |   4912 |   3527 |   1385 |    157 |   1634 |   3 | 1637.3 |
        Vaults |  13053 |   7233 |   5820 |    114 |   4196 |   5 | 2610.6 |
         Crypt |   4855 |   4310 |    545 |    385 |   2175 |   3 | 1618.3 |
        Depths |   8348 |   5454 |   2894 |    513 |   2524 |   4 | 2087.0 |
          Hell |    844 |    819 |     25 |     28 |    436 |   1 |  844.0 |
           Zot |   9627 |   8421 |   1206 |   2533 |   3308 |   5 | 1925.4 |
         Abyss |    825 |    825 |      0 |      2 |    143 |   5 |  165.0 |
   Pandemonium |  11798 |  11798 |      0 |   1127 |   4382 |  20 |  589.9 |
      Ziggurat |   1615 |   1615 |      0 |    229 |    303 |  13 |  124.2 |
         Trove |    243 |    243 |      0 |      0 |    144 |   1 |  243.0 |
         Sewer |    231 |    231 |      0 |     25 |    107 |   1 |  231.0 |
        Bailey |    515 |    515 |      0 |    219 |     52 |   1 |  515.0 |
        Wizlab |    890 |    890 |      0 |    220 |    181 |   1 |  890.0 |
    Desolation |   1017 |   1017 |      0 |    102 |    392 |   1 | 1017.0 |
      Gauntlet |    667 |    667 |      0 |    103 |    111 |   1 |  667.0 |
         Arena |    205 |    205 |      0 |     28 |      0 |   8 |   25.6 |
               +--------+--------+--------+--------+--------+-----+--------+

Top non-repeatable levels by time:
Vaults:1: 4121 daAuts
Depths:1: 3049 daAuts
Vaults:3: 2753 daAuts
  Lair:3: 2700 daAuts
   Zot:1: 2434 daAuts
Vaults:2: 2420 daAuts
    D:13: 2411 daAuts
  Lair:1: 2352 daAuts
   Zot:3: 2279 daAuts
Vaults:4: 2263 daAuts
 Crypt:3: 2196 daAuts
   Elf:1: 2185 daAuts
   Zot:5: 2133 daAuts
 Swamp:3: 2030 daAuts
Depths:2: 2008 daAuts
